 Dungeon Crawl Stone Soup version 0.23.2-33-g5129a83184 (webtiles) character file.

Game seed: 3464774408301457681

44 Folque the Chiller (level 3, -3/28 HPs)
             Began as a Draconian Ice Elementalist on July 7, 2019.
             Slain by a gnoll
             ... wielding a +0 halberd
              (14 damage)
             ... on level 2 of the Dungeon.
             The game lasted 00:02:57 (947 turns).

Folque the Chiller (Draconian Ice Elementalist)      Turns: 947, Time: 00:02:58

Health: -3/28      AC:  5    Str: 10    XL:     3   Next: 41%
Magic:  3/7        EV: 12    Int: 16    God:
Gold:   15         SH:  0    Dex: 11    Spells: 2/8 levels left

rFire    . . .     SeeInvis .   a - +0 short sword
rCold    . . .     Gourm    .   (no shield)
rNeg     . . .     Faith    .   (armour unavailable)
rPois    .         Spirit   .   (helmet restricted)
rElec    .         Reflect  .   (no cloak)
rCorr    .         Harm     .   (no gloves)
MR       .....                  (no boots)
Stlth    ++........             (no amulet)
HPRegen  0.09/turn              (no ring)
MPRegen  0.10/turn              (no ring)

@: very slightly contaminated
A: unfitting armour, cold-blooded, AC +5
a: no special abilities


You were on level 2 of the Dungeon.
You were not hungry.

You visited 1 branch of the dungeon, and saw 2 of its levels.

You collected 15 gold pieces.

Inventory:

Hand Weapons
 a - a +0 short sword (weapon)
Jewellery
 f - an uncursed amulet of regeneration {unknown}
Scrolls
 d - 6 scrolls of identify {unknown}
 g - a scroll of remove curse {unknown}
 h - a scroll of fear {unknown}
Potions
 e - 2 potions of lignification {unknown}
 i - 2 potions of curing {unknown}
Comestibles
 b - 2 rations
 c - 2 chunks of flesh


   Skills:
 - Level 1.0 Fighting
 - Level 1.7 Dodging
 - Level 1.7 Stealth
 * Level 3.0 Spellcasting
 - Level 1.0 Conjurations
 + Level 3.4 Ice Magic


You had 2 spell levels left.
You knew the following spells:

 Your Spells              Type           Power        Failure   Level  Hunger
a - Freeze                Ice            ##..         4%          1    #......
b - Throw Frost           Conj/Ice       #.....       11%         2    ##.....
c - Ozocubu's Armour      Chrm/Ice       #.......     28%         3    ###....

Your spell library contained the following spells:

 Spells                   Type           Power        Failure   Level  Hunger
 Throw Icicle             Conj/Ice       #.......     58%         4    #####..
 Summon Ice Beast         Ice/Summ       #.......     67%         4    #####..


Dungeon Overview and Level Annotations

Branches:
Dungeon (2/15)

Altars:
Trog


Innate Abilities, Weirdness & Mutations

Your plain brown scales are hard. (AC +5)
You cannot fit into any form of body armour.
You are cold-blooded and may be slowed by cold attacks.


Message History

Aiming: Freeze (safe; 4% risk of failure)
Press: ? - help, Shift-Dir - straight line, f/p - adder
Aim: an adder (heavily wounded)
You freeze the adder!
You kill the adder!
Your Spellcasting skill increases to level 3!
You hit the adder.
The adder is lightly wounded.
The adder barely misses you.
Casting: Freeze (safe; 4% risk of failure)
Confirm with . or Enter, or press ? or * to list all spells.
Aiming: Freeze (safe; 4% risk of failure)
Press: ? - help, Shift-Dir - straight line, f - gnoll
Aim: a gnoll, wielding a +0 club You freeze the gnoll.
The gnoll is heavily wounded.
The adder bites you but does no damage.
The gnoll hits you from afar with a +0 halberd!
Ouch! That really hurt!
You die...

###...รท.......####...........#
.........#...### .......####...
#######.......# #.......# #...
#..........###.......+......
#...........##....... ......
#.##..#####....# ...... #.
#.....##..#.# .. ...... #
#.......g....# ... ...##.
#.......#@##.# .... . #.
#....#..#S# .##.... #. #...
#..gS##...... +..#gg........
....#.....#.##...
............##.#
.......#......# .......#._.####
..#....#...#


You could see 3 gnolls, an adder, a goblin and a ball python.

Vanquished Creatures
  An adder (D:2)
  A dart slug (D:2)
  3 leopard geckos (D:1)
  2 giant cockroaches
  6 goblins
  A hobgoblin (D:1)
  5 kobolds (D:1)
  2 bats (D:1)
  3 frilled lizards (D:1)
  6 rats
30 creatures vanquished.

Notes
Turn   | Place    | Note
-------+----------+-------------------------------------------
     0 | D:1      | Folque the Draconian Ice Elementalist began the quest for
                  | the Orb.
     0 | D:1      | Reached XP level 1. HP: 14/14 MP: 3/3
   363 | D:1      | Reached XP level 2. HP: 14/22 MP: 5/5
   370 | D:1      | Learned a level 2 spell: Throw Frost
   577 | D:1      | Reached skill level 1 in Fighting
   861 | D:1      | Reached XP level 3. HP: 15/28 MP: 7/7
   871 | D:1      | Learned a level 3 spell: Ozocubu's Armour
   901 | D:2      | Found a bloodstained altar of Trog.
   947 | D:2      | Slain by a gnoll

Skill      XL: |  1  2  3 |
---------------+----------+-----
Fighting       | 1 |  1.0
Spellcasting   | 3 |  3.0
Dodging        | |  1.7
Stealth        | |  1.7
Conjurations   | |  1.0
Ice Magic      | |  3.4

Action                   || total
-------------------------++-------
Melee: Short sword       ||    93
       Tailslap          ||     5
 Cast: Freeze            ||     8
 Stab: Sleeping          ||     1
Armor: Skin              ||    23
Dodge: Dodged            ||    72
